AoeStats
← Malcolm Little

African Clearing

506769558Analyzed
4v4 RM · 17d ago on Sep 15, 2026· 30m 35s· 8 players
Game mode
Random Map
Map size
Large (8 player)
Population
200
Speed
Normal
Resources
Standard
Victory
Conquest
Starting age
Dark Age
Ending age
Imperial Age
RankedLock teamsTeams togetherTeam positionsShared explorationLock speedFull tech treeHidden civsTurbo modeCheats
Victory
Defeat
🇺🇸 Maya · United States
1474
+12
🇺🇸 Wu · United States
1446
+14
🇨🇦 Magyars · Canada
1351
+18
🇨🇦 Bohemians · Canada
1103
+27
🇩🇴 Ethiopians · Dominican Republic
1413
-19
🇨🇳 Aztecs · China
1410
-19
🇨🇳 Sicilians · China
1386
-18
🇲🇽 Japanese · Mexico
1326
-15
[GDL]Cucumber
5:57 Loom
12:21 Feudal Age
12:53 Man-at-Arms
18:31 Padded Archer Armor
18:22 Fletching
22:33 Castle Age
20:38 Arson
26:22 Wheelbarrow
福州宇哥
6:17 Loom
15:34 Feudal Age
20:08 Castle Age
20:28 Forging
20:42 Scale Barding Armor
20:30 Double-Bit Axe
24:49 Chain Barding Armor
30:02 Gold Mining
run
11:44 Loom
13:36 Feudal Age
14:56 Town Watch
17:51 Castle Age
28:39 Double-Bit Axe
Malcolm Little
11:07 Loom
13:34 Feudal Age
17:52 Castle Age
16:34 Fletching
16:55 Padded Archer Armor
18:17 Double-Bit Axe
20:23 Crossbowman
28:01 Bodkin Arrow
30:37 Ballistics
Retrobution22
4:15 Loom
12:51 Feudal Age
13:05 Man-at-Arms
14:01 Double-Bit Axe
Ice2207
5:46 Loom
11:54 Feudal Age
13:04 Double-Bit Axe
16:17 Fletching
18:59 Padded Archer Armor
23:05 Castle Age
23:16 Crossbowman
23:53 Bodkin Arrow
BallonPrince5
9:49 Loom
11:53 Feudal Age
10:17 Loom
12:18 Double-Bit Axe
15:32 Fletching
20:05 Horse Collar
24:41 Castle Age
23:08 Padded Archer Armor
25:18 Bodkin Arrow
24:46 Crossbowman
26:57 Bow Saw
27:46 Town Watch
28:43 Leather Archer Armor
30:18 Redemption
30:29 Sanctity
30:21 Fervor
30:32 Sanctity
GOAT Gobz
5:39 Loom
12:42 Feudal Age
14:12 Double-Bit Axe
15:08 Bloodlines
21:35 Scale Barding Armor
29:13 Castle Age
27:56 Stone Mining
27:56 Gold Mining
28:36 Horse Collar
29:19 Light Cavalry
Connection lost

Rejoining the realm…

Still unreachable

The connection could not be restored.

Session expired

The server has moved on; the page needs a fresh start.